 Dungeon Crawl Stone Soup version 0.23-a0-831-g5da158a (webtiles) character file.

81 fooot the Skirmisher (level 4, -1/37 HPs)
             Began as a Formicid Abyssal Knight on Jan 23, 2019.
             Was a Believer of Lugonu.
             Killed from afar by an orc wizard (10 damage)
             ... with a puff of flame
             ... on level 3 of the Dungeon.
             The game lasted 00:04:00 (2573 turns).

fooot the Skirmisher (Formicid Abyssal Knight)      Turns: 2573, Time: 00:04:01

Health: -1/37      AC:  8    Str: 17    XL:     4   Next: 67%
Magic:  6/6        EV:  7    Int: 12    God:    Lugonu [**....]
Gold:   138        SH:  0    Dex: 10    Spells: 3/3 levels left

rFire    . . .     SeeInvis +   a - +1 falchion
rCold    . . .     Gourm    .   (no shield)
rNeg     . . .     Faith    .   n - +0 chain mail (curse)
rPois    .         Spirit   .   (helmet unavailable)
rElec    .         Reflect  .   (no cloak)
rCorr    .         Harm     .   (no gloves)
MR       .....                  (no boots)
Stlth    ..........             (no amulet)
HPRegen  0.12/turn              (no ring)
MPRegen  0.10/turn              (no ring)

@: no status effects
A: permanent stasis, dig shafts and tunnels, four strong arms, antennae 3
a: Dig, Shaft Self, Depart the Abyss, Bend Space, Renounce Religion


You were on level 3 of the Dungeon.
You worshipped Lugonu.
Lugonu was pleased with you.
You were not hungry.

You visited 1 branch of the dungeon, and saw 3 of its levels.
You visited the Abyss 1 time.

You collected 138 gold pieces.

Inventory:

Hand Weapons
 a - a +1 falchion (weapon)
 b - a +0 hunting sling
Missiles
 e - 92 stones (quivered)
 r - 24 sling bullets
 t - 7 poisoned needles
Armour
 n - a cursed +0 chain mail (worn)
Jewellery
 m - an uncursed amulet of regeneration {unknown}
 p - an uncursed amulet of harm {unknown}
Scrolls
 d - a scroll of identify {unknown}
 l - a scroll of teleportation {unknown}
 o - a scroll of amnesia {unknown}
 q - a scroll of fog {unknown}
Potions
 f - a potion of invisibility {unknown}
 g - 2 potions of flight {unknown}
 h - a potion of berserk rage {unknown}
 i - a potion of curing {unknown}
 j - 4 potions of lignification {unknown}
 k - a potion of might {unknown}
Comestibles
 c - 7 rations
 s - 3 chunks of flesh


   Skills:
 + Level 3.8 Fighting
 * Level 3.3 Long Blades
 + Level 1.4 Slings
 - Level 2.1 Armour
 - Level 0.8 Dodging
 + Level 3.0 Invocations


You had 3 spell levels left.
You didn't know any spells.
Your spell library was empty.

Dungeon Overview and Level Annotations

Branches:
Dungeon (3/15)

Altars:


Innate Abilities, Weirdness & Mutations

You cannot be hasted, slowed, berserked, paralysed or teleported.
You can dig through walls and to a lower floor.
Your four strong arms can wield two-handed weapons with a shield.
You have a pair of large antennae on your head. (SInv)


Message History

The orc wizard points at you and mumbles some strange words.
The puff of flame hits you.
You completely miss the orc wizard.
The orc wizard is almost dead.
The orc wizard hits you but does no damage.
You miss the orc wizard.
The orc wizard is almost dead.
The orc wizard gestures at you while chanting.
The magic dart hits you.
* * * LOW HITPOINT WARNING * * *
Unknown command.
You closely miss the orc wizard.
The orc wizard is almost dead.
The orc wizard hits you with a +0 dagger.
* * * LOW HITPOINT WARNING * * *
You closely miss the orc wizard.
The orc wizard is almost dead.
The orc wizard casts a spell at you. The puff of flame hits you!
You die...

#. { #.# #+ #.# ... #.#
####### ..<. ###.#
#.....# ..... ##.#.#
#.##...
.....r####....#####.##...
.....ooo@................
......####....#####.##...
..... ##.#.### #.....#
.... #......# ####.## ...
#.##.#.# #.# #+ #.##.#.#
#.# #.##.#.# #.# #.##.#.#
#.# #.##.#.# ...


You could see an orc wizard (invisible), 2 orcs and a rat.

Vanquished Creatures
  2 adders (D:2)
  3 worms
  2 dart slugs (D:1)
  A leopard gecko (D:2)
  2 orcs (D:3)
  6 bats
  2 giant cockroaches (D:2)
  6 goblins
  6 hobgoblins
  3 jackals (D:2)
  A ball python (D:2)
  4 frilled lizards
  5 kobolds
  7 rats
50 creatures vanquished.

Notes
Turn   | Place    | Note
-------+----------+-------------------------------------------
     0 | Abyss:1  | fooot the Formicid Abyssal Knight began the quest for the
                  | Orb.
     0 | Abyss:1  | Reached XP level 1. HP: 18/18 MP: 2/2
    56 | Abyss:1  | Found a corrupted altar of Lugonu.
   115 | Abyss:1  | Noticed a chaos spawn
   116 | D:1      | Escaped the Abyss
   339 | D:1      | Reached XP level 2. HP: 23/24 MP: 3/3
   441 | D:1      | Reached * piety under Lugonu
  1079 | D:2      | Reached XP level 3. HP: 29/29 MP: 4/4
  1476 | D:2      | Found a faded altar of an unknown god.
  1480 | D:2      | Reached skill level 1 in Slings
  1726 | D:2      | Reached XP level 4. HP: 36/37 MP: 6/6
  1735 | D:2      | Reached ** piety under Lugonu
  2573 | D:3      | Killed from afar by an orc wizard

Vault maps used:
D:1:      nzn_arrival_crosshair
D:2:      first_ration, chequers_ecumenical_altar_simple_redux
D:3:      portal_sewer_entry_a, minmay_misc_feat_room

Skill      XL: |  1  2  3  4 |
---------------+-------------+-----
Long Blades    | 3 |  3.3
Slings         | 1 |  1.4
Invocations    | 3 |  3.0
Fighting       | |  3.8
Armour         | |  2.1
Dodging        | |  0.8

Action                   |  1- 3 |  4- 6 || total
-------------------------+-------+-------++-------
Melee: Falchion          |    54 |    39 ||    93
 Fire: Hunting sling     |    53 |    25 ||    78
Invok: Depart the Abyss  |     1 |       ||     1
  Eat: Chunk             |     1 |     4 ||     5
Armor: Leather armour    |     9 |       ||     9
       Chain mail        |     9 |    19 ||    28
Dodge: Dodged            |    35 |    12 ||    47
       Rpst.: Falchion   |     5 |     1 ||     6

Table legend:
 A = Non-vault XP
 B = Vault XP
 C = Vault XP percentage of total XP
 D = Non-vault monster count
 E = Vault monster count
 F = Vault count percentage of total count
                 A         B        C        D         E       F
            +---------+---------+-------+---------+---------+-------
      Total |     116 |       0 |   0.0 |      50 |       0 |   0.0
            +---------+---------+-------+---------+---------+-------
        D:1 |      28 |       0 |   0.0 |      16 |       0 |   0.0
        D:2 |      63 |       0 |   0.0 |      24 |       0 |   0.0
        D:3 |      25 |       0 |   0.0 |      10 |       0 |   0.0
            +---------+---------+-------+---------+---------+-------
